 Dungeon Sprint DCSS version 0.30-a0-715-gdb4ae3ece1 (webtiles) character file.

Game seed: 13389088767229795200

800 Kuronicle the Martial Artist (level 7, -8/54 HPs)
             Began as an Octopode Monk on Jan 23, 2023.
             Was a Priest of Jiyva.
             Mangled by a tyrant leech (30 damage)
             ... in the Dungeon (Sprint VII: "The Pits").
             The game lasted 00:02:43 (333 turns).

Kuronicle the Martial Artist (Octopode Monk)         Turns: 333, Time: 00:02:44

Health: -8/54      AC:  1    Str: 12    XL:     7   Next: 90%
Magic:  7/7        EV: 18    Int: 12    God:    Jiyva [***...]
Gold:   0          SH:  0    Dex: 15    Spells: 6/6 levels left

rFire   . . .      SeeInvis .      - Unarmed
rCold   . . .      Faith    .    (no shield)
rNeg    . . .      Spirit   .    (helmet restricted)
rPois   .          Reflect  .    (no amulet)
rElec   .          Harm     .    (no ring)
rCorr   +          Rampage  .    (no ring)
Will    .....      NoTele   +    (no ring)
Stlth   +++++                    (no ring)
HPRegen 1.41/turn                (no ring)
MPRegen 0.45/turn                (no ring)
                                 (no ring)
                                 (no ring)

@: no status effects
A: almost no armour, amphibious, 8 rings, camouflage 1, gelatinous body 1,
(nimble swimmer 1), tentacles
a: Renounce Religion, Oozemancy


You were in the Dungeon.
You worshipped Jiyva.
Jiyva was most pleased with you.
You visited 1 branch

Inventory:

Scrolls
 g - a scroll of blinking
 i - 5 scrolls of amnesia
 j - a scroll of butterflies
Potions
 b - 5 potions of curing
 c - 5 potions of heal wounds
 d - a potion of haste
 e - 4 potions of magic
 f - 3 potions of berserk rage
 h - 2 potions of invisibility


   Skills:
 + Level 7.5 Fighting
 * Level 9.8 Dodging
 + Level 9.1 Stealth
 + Level 11.1 Unarmed Combat


You had 6 spell levels left.
You didn't know any spells.
Your spell library was empty.

Dungeon Overview and Level Annotations

Branches:
Dungeon (1/1)

Altars:
Cheibriados
Dithmenos
Elyvilon
Fedhas
Gozag
Hepliaklqana
Makhleb
Nemelex Xobeh
Okawaru
Qazlal
Ru
Sif Muna
Trog
Vehumet
Wu Jian
Xom
Yredelemnul
Zin
The Shining One
Jiyva
Lugonu


Innate Abilities, Weirdness & Mutations

You cannot wear most types of armour.
You are amphibious.
You can wear up to eight rings at the same time.
Your skin changes colour to match your surroundings (Stealth+).
Your rubbery body absorbs attacks. (AC +1, EV +1)
((You are camouflaged when in or above water. (Stealth+)))
You have tentacles for arms and can constrict up to eight enemies at once.


Message History

You constrict the iguana.
You kill the iguana!
You tentacle-slap the tyrant leech.
Your tentacle-slap misses the tyrant leech.
The tyrant leech is lightly wounded.
You tentacle-slap the tyrant leech but do no damage.
The tyrant leech is lightly wounded.
The tyrant leech bites you!!
The tyrant leech draws strength from your injuries!
You bludgeon the tyrant leech!
You squeeze the tyrant leech, but do no damage.
The tyrant leech is lightly wounded.
The tyrant leech bites you!!
* * * LOW HITPOINT WARNING * * *
The tyrant leech draws strength from your injuries!
You are confused.
You feel invigorated.
Are you sure you want to stumble around while confused and next to the floating eye?
This could place you under penance! [Y]es or [N]o only, please.
Are you sure you want to stumble around while confused and next to the floating eye?
This could place you under penance!
Okay, then.
The tyrant leech barely misses you.
Are you sure you want to stumble around while confused and next to the floating eye?
This could place you under penance! [Y]es or [N]o only, please.
Are you sure you want to stumble around while confused and next to the floating eye?
This could place you under penance!
Okay, then.
The tyrant leech bites you!!
* * * LOW HITPOINT WARNING * * *
The tyrant leech draws strength from your injuries!
The tyrant leech misses you.
You feel less invigorated.
You feel less confused. The tyrant leech barely misses you.
You barely miss the tyrant leech. Your squeeze misses the tyrant leech.
You tentacle-slap the tyrant leech but do no damage.
You squeeze the tyrant leech.
The tyrant leech is lightly wounded.
The tyrant leech bites you!!
Ouch! That really hurt!
You die...

#.####†##'###...<...#
#)#.....††.##.......#
#)#........##.......#
#)###########.......#
#.......#..##########
#.......#.######
#...#...#.#....#
#..###..#G#....#
#...#...#@w....+
#.......#'#....#
#.......')#....#
################


You could see a tyrant leech and a neutral floating eye (wandering) (fellow
slime).

Vanquished Creatures
  A guardian mummy (D)
  A flying skull (D)
  A black bear (D)
  A gnoll sergeant (D)
  2 scorpions (D)
  2 orc wizards (D)
  An iguana (D)
  A mummy (D)
  5 gnolls (D)
  An ufetubus (D)
  2 adder skeletons (D)
  A giant cockroach (D)
  A hobgoblin (D)
  2 quokkas (D)
  2 ball pythons (D)
  A ball python zombie (D)
  A frilled lizard (D)
  A kobold (D)
27 creatures vanquished.

Vanquished Creatures (others)
  A pearl dragon (D)
  A titan (D)
  A deep elf master archer (D)
  An acid blob (D)
  3 azure jellies (D)
  3 rockslimes (D)
  Louise (D)
  A blizzard demon (D)
  A great orb of eyes (D)
  2 hell knights (D)
  An eye of devastation (D)
  A hellion (D)
  A yaktaur (D)
  3 slime creatures (D)
  A golden eye (D)
  A large abomination (D)
  2 jellies (D)
  An endoplasm (D)
26 creatures vanquished.

Grand Total: 53 creatures vanquished

Notes
Turn   | Place    | Note
-------+----------+-------------------------------------------
     0 | D        | Kuronicle the Octopode Monk began the quest for the Orb.
     0 | D        | Reached XP level 1. HP: 16/16 MP: 1/1
    63 | D        | Found a bloodstained altar of Trog.
    63 | D        | Found a shimmering blue altar of Sif Muna.
    63 | D        | Found a viscous altar of Jiyva.
    63 | D        | Found a hazy altar of Hepliaklqana.
    63 | D        | Found an opulent altar of Gozag.
    64 | D        | Found a glowing golden altar of the Shining One.
    64 | D        | Found a glowing silver altar of Zin.
    64 | D        | Found a basalt altar of Yredelemnul.
    64 | D        | Found a shimmering altar of Xom.
    64 | D        | Found an ornate altar of the Wu Jian Council.
    64 | D        | Found a sacrificial altar of Ru.
    64 | D        | Found a stormy altar of Qazlal.
    64 | D        | Found an iron altar of Okawaru.
    64 | D        | Found a sparkling altar of Nemelex Xobeh.
    64 | D        | Found a burning altar of Makhleb.
    64 | D        | Found a blossoming altar of Fedhas.
    64 | D        | Found a white marble altar of Elyvilon.
    64 | D        | Found a shadowy altar of Dithmenos.
    64 | D        | Found a snail-covered altar of Cheibriados.
    67 | D        | Found a corrupted altar of Lugonu.
    67 | D        | Found a radiant altar of Vehumet.
    69 | D        | Became a worshipper of Jiyva Jicoefio the Shapeless
    69 | D        | Reached * piety under Jiyva
    69 | D        | Reached ** piety under Jiyva
    71 | D        | Killed a great orb of eyes
    71 | D        | Killed a rockslime
    72 | D        | Killed a slime creature
    72 | D        | Killed a deep elf master archer
    73 | D        | Killed a slime creature
    74 | D        | Killed a rockslime
    75 | D        | Killed an eye of devastation
    75 | D        | Killed a slime creature
    82 | D        | Killed a hell knight
    82 | D        | Killed a hellion
    82 | D        | Killed an acid blob
    83 | D        | Killed a yaktaur
    84 | D        | Killed a blizzard demon
    85 | D        | Killed an azure jelly
    87 | D        | Killed a hell knight
    87 | D        | Killed a rockslime
    88 | D        | Killed a golden eye
    88 | D        | Killed Louise
   101 | D        | Killed a pearl dragon
   104 | D        | Killed a titan
   106 | D        | Reached XP level 2. HP: 22/22 MP: 2/2
   116 | D        | Killed an azure jelly
   123 | D        | Killed an azure jelly
   132 | D        | Reached skill level 4 in Unarmed Combat
   188 | D        | Noticed a scorpion
   209 | D        | Reached XP level 3. HP: 27/27 MP: 3/3
   217 | D        | Killed a scorpion
   218 | D        | Reached skill level 5 in Fighting
   218 | D        | Reached skill level 5 in Dodging
   218 | D        | Reached skill level 6 in Unarmed Combat
   218 | D        | Reached XP level 4. HP: 10/35 MP: 4/4
   222 | D        | Reached skill level 5 in Stealth
   229 | D        | Reached XP level 5. HP: 34/39 MP: 5/5
   240 | D        | Reached skill level 7 in Unarmed Combat
   266 | D        | Reached skill level 8 in Unarmed Combat
   267 | D        | Noticed a guardian mummy
   276 | D        | Killed a guardian mummy
   277 | D        | Reached skill level 9 in Unarmed Combat
   277 | D        | Reached XP level 6. HP: 22/49 MP: 6/6
   277 | D        | Reached XP level 7. HP: 24/54 MP: 7/7
   307 | D        | Reached skill level 10 in Unarmed Combat
   314 | D        | Noticed a flying skull
   314 | D        | Noticed a tyrant leech
   315 | D        | Reached *** piety under Jiyva
   321 | D        | Killed a flying skull
   322 | D        | Reached skill level 11 in Unarmed Combat
   333 | D        | Mangled by a tyrant leech

Illustrated notes

Levels and vault maps discovered:
D:        pitsprint [storerooms_1, entrance_room_1, metal_vault_2, armoury_2,
          mini_pit_1, grid_room_1, main_hall_1, silver_pit, the_coven_2,
          the_vestibule_1, steel_vault_3, golden_pit, hallway_of_sentries,
          crystal_vault_4, iron_vault_2, final_vault]

Skill      XL: |  1  2  3  4  5  6  7 |
---------------+----------------------+-----
Stealth        | 3 4 5 7 9 |  9.1
Fighting       | 4 5 7 |  7.5
Dodging        | 4 5 8 9 |  9.8
Unarmed Combat | 4 6 9 11 | 11.1

Action                     |  1- 3 |  4- 6 |  7- 9 || total
---------------------------+-------+-------+-------++-------
  Melee: Unarmed           |    45 |    25 |    17 ||    87
         Constrict         |    10 |     6 |     4 ||    20
         Tentacles         |     4 |    11 |     7 ||    22
         Punch             |     1 |     2 |     4 ||     7
    Use: Potion            |       |     2 |     1 ||     3
   Stab: Sleeping          |     3 |     1 |     3 ||     7
 Armour: Skin              |       |     2 |     1 ||     3
  Dodge: Dodged            |    26 |    12 |    10 ||    48

Table legend: (Time is in decaauts)
 A = Elapsed time spent in this place.
 B = Non-inter-level travel time spent in this place.
 C = Inter-level travel time spent in this place.
 D = Time resting spent in this place.
 E = Time spent auto-exploring this place.
 F = Levels seen in this place.
 G = Mean time per level.
                   A        B        C        D        E       F      G
               +--------+--------+--------+--------+--------+-----+--------+
         Total |    323 |    323 |      0 |     24 |     56 |   1 |  323.0 |
       Dungeon |    323 |    323 |      0 |     24 |     56 |   1 |  323.0 |
               +--------+--------+--------+--------+--------+-----+--------+

Top non-repeatable levels by time:
       D: 323 daAuts
